 Dungeon Crawl Stone Soup version 0.29-a0-284-gf9362112df (webtiles) character file.

Game seed: 1639559550124669626

5 enile the Skirmisher (level 1, 0/11 HPs)
             Began as a Felid Wanderer on Mar 14, 2022.
             Slain by a jackal (3 damage)
             ... on level 1 of the Dungeon.
             The game lasted 00:00:45 (369 turns).

enile the Skirmisher (Felid Wanderer)                Turns: 369, Time: 00:00:45

Health: 0/11       AC:  1    Str:  8    XL:     1   Next: 66%
Magic:  3/3        EV: 16    Int: 15    God:
Gold:   12         SH:  0    Dex: 13    Spells: 1/2 levels left
                                        Lives:  0   Deaths: 0

rFire   . . .      SeeInvis +   (weapon unavailable)
rCold   . . .      Faith    .   (shield unavailable)
rNeg    . . .      Spirit   .   (body armour unavailable)
rPois   .          Reflect  .   (helmet unavailable)
rElec   .          Harm     .   (cloak unavailable)
rCorr   .          Rampage  .   (gloves unavailable)
Will    .....                   (boots unavailable)
Stlth   +.........              (no amulet)
HPRegen 0.03/turn               (no ring)
MPRegen 0.08/turn               (no ring)

@: quick
A: very small, claws 1, fangs 3, see invisible, speed 1, shaggy fur 1, stealthy
paws, no weapons or thrown items, no armour, multi-lived
a: no special abilities


You were on level 1 of the Dungeon.
You visited 1 branch of the dungeon, and saw 1 of its levels.

You collected 12 gold pieces.

Inventory:

Scrolls
 a - a scroll of teleportation
 c - a scroll of fog
Miscellaneous
 b - a piece from Xom's chessboard (11/15)


   Skills:
 - Level 4.0 Fighting
 + Level 1.5 Dodging
 - Level 1.0 Spellcasting
 - Level 3.0 Translocations
 - Level 3.3 Evocations


You had one spell level left.
You knew the following spells:

 Your Spells              Type           Power      Damage    Failure   Level
a - Apportation           Tloc           18%        N/A       7%          1

Your spell library contained the following spells:

 Spells                   Type           Power      Damage    Failure   Level
 Foxfire                  Conj/Fire      0%         2x1d4     24%         1
 Passage of Golubria      Tloc           9%         N/A       56%         4
 Conjure Flame            Conj/Fire      0%         6-21      58%         3
 Inner Flame              Hex/Fire       0%         N/A       58%         3
 Iskenderun's Mystic Bla  Conj/Tloc      5%         2d3       78%         4
 Flame Wave               Conj/Fire      0%         2d4       94%         4


Dungeon Overview and Level Annotations

Branches:
Dungeon (1/15)

Altars:


Innate Abilities, Weirdness & Mutations

You have sharp claws.
You have razor-sharp teeth.
You have supernaturally acute eyesight. (SInv)
You cover ground quickly. (Speed+)
You are covered in fur. (AC +1)
Your paws help you pounce on unaware monsters.
You are incapable of wielding weapons or throwing items.
You cannot wear armour.
You gain extra lives every three experience levels.


Message History

An endoplasm and a jackal come into view.
Casting: Apportation (safe; 7% risk of failure)
Confirm with . or Enter, or press ? or * to list all spells.
Okay, then.
You barely miss the endoplasm.
You bite the endoplasm, but do no damage.
The endoplasm misses you.
You scratch the endoplasm. You bite the endoplasm.
The endoplasm is almost dead.
The endoplasm hits you but does no damage.
You scratch the endoplasm but do no damage.
The endoplasm is almost dead.
The endoplasm freezes you.
You are frozen.
You are too injured to fight recklessly!
You are too injured to fight recklessly!
You scratch the endoplasm.
You kill the endoplasm!
Casting: Apportation (safe; 7% risk of failure)
Confirm with . or Enter, or press ? or * to list all spells.
Okay, then.
You make a move on Xom's chessboard...
The jackal is outlined in light.
You make a move on Xom's chessboard...
The jackal flickers and vanishes for a moment.
The jackal barely misses you.
You make a move on Xom's chessboard...
The jackal is moving more slowly.
The jackal barely misses you. The jackal closely misses you.
You scratch the jackal but do no damage.
You bite the jackal.
The jackal is moderately wounded.
The jackal misses you.
You catch the helpless jackal completely off-guard!
You scratch the jackal. You bite the jackal.
The jackal is almost dead.
The jackal bites you. x2
* * * LOW HITPOINT WARNING * * *
You scratch the jackal.
The jackal is almost dead.
The jackal bites you.
You die...

#... #..# #..# # #..#
.# . #..###.# ...
......
..#..######.#.#
.......h@.....#
.#...######.#.# #...#
#.#.# #...### #.#.#
......####.#.#
#...........# #
#.#.####.#.#
#.########...####.#.#
#...................#


You could see a jackal (invisible, petrifying, corona).

Vanquished Creatures
  2 endoplasms (D:1)
  A goblin (D:1)
  A quokka (D:1)
4 creatures vanquished.

Notes
Turn   | Place    | Note
-------+----------+-------------------------------------------
     0 | D:1      | enile the Felid Wanderer began the quest for the Orb.
     0 | D:1      | enile set off with the following items: a scroll of
                  | teleportation, a piece from Xom's chessboard (15/15), a
                  | scroll of fog; and the following spell memorised:
                  | Apportation; and the following spells available to
                  | memorise: Passage of Golubria, Iskenderun's Mystic Blast
     0 | D:1      | Reached XP level 1. HP: 11/11 MP: 3/3
   177 | D:1      | Reached skill level 1 in Dodging
   369 | D:1      | Slain by a jackal

Illustrated notes

Levels and vault maps discovered:
D:1:      dpeg_arrival_shelter, layout_basic

Skill      XL: |  1 |
---------------+----+-----
Dodging        | 1 |  1.5
Fighting       | |  4.0
Spellcasting   | |  1.0
Translocations | |  3.0
Evocations     | |  3.3

Action                   || total
-------------------------++-------
Melee: Unarmed           ||    19
       Bite              ||     5
 Cast: Apportation       ||     1
Evoke: Piece from Xom's  ||     4
 Stab: Petrifying        ||     1
       Paralysed         ||     1
Armor: Skin              ||     3
Dodge: Dodged            ||     9

Table legend: (Time is in decaauts)
 A = Elapsed time spent in this place.
 B = Non-inter-level travel time spent in this place.
 C = Inter-level travel time spent in this place.
 D = Time resting spent in this place.
 E = Time spent auto-exploring this place.
 F = Levels seen in this place.
 G = Mean time per level.
                   A        B        C        D        E       F      G
               +--------+--------+--------+--------+--------+-----+--------+
         Total |    337 |    337 |      0 |      0 |    293 |   1 |  337.0 |
       Dungeon |    337 |    337 |      0 |      0 |    293 |   1 |  337.0 |
               +--------+--------+--------+--------+--------+-----+--------+

Top non-repeatable levels by time:
     D:1: 337 daAuts
